 Dungeon Crawl Stone Soup version 0.21-a0-84-g85d6d27 (webtiles) character file.

245 terra52 the Ruffian (level 5, -1/40 HPs)
             Began as a Draconian Transmuter on July 1, 2017.
             Succumbed to an orc wizard's poison
             ... on level 4 of the Dungeon.
             The game lasted 00:07:00 (3931 turns).

terra52 the Ruffian (Draconian Transmuter)          Turns: 3931, Time: 00:07:01

Health: -1/40      AC:  7    Str: 13    XL:     5   Next: 84%
Magic:  9/9        EV: 14    Int: 14    God:
Gold:   137        SH:  0    Dex: 11    Spells: 6/9 levels left

rFire    . . .     SeeInvis .     - Unarmed
rCold    . . .     Gourm    .   (no shield)
rNeg     . . .     Faith    .   (armour unavailable)
rPois    .         Spirit   .   (helmet restricted)
rElec    .         Reflect  .   q - +1 cloak
rCorr    .         Harm     +   (no gloves)
MR       .....                  (no boots)
Stlth    +.........             f - amulet of harm
HPRegen  0.13/turn              s - +2 ring of evasion
MPRegen  0.11/turn              (no ring)

@: lethally poisoned (-1 -> -36), drained
A: unfitting armour, cold-blooded, AC +5
a: no special abilities


You were on level 4 of the Dungeon.
You were not hungry.

You visited 1 branch of the dungeon, and saw 4 of its levels.

You collected 137 gold pieces.

Inventory:

Missiles
 a - 44 arrows
Armour
 q - a +1 cloak (worn)
Jewellery
 f - an amulet of harm (around neck)
 s - a +2 ring of evasion (left hand)
Scrolls
 d - 3 scrolls of remove curse
 g - 2 scrolls of recharging {unknown}
 i - 2 scrolls of enchant weapon {unknown}
 j - a scroll of identify
 l - a scroll of immolation {unknown}
 m - 2 scrolls of amnesia {unknown}
 o - 2 scrolls of fear {unknown}
Potions
 e - a potion of heal wounds
 k - a potion of curing {unknown}
 n - a potion of mutation {unknown}
Books
 b - a book of Changes

   Spells                             Type                      Level
   a - Beastly Appendage              Transmutation                1
   b - Sticks to Snakes               Transmutation                2
   c - Spider Form                    Transmutation/Poison         3
   d - Ice Form                       Ice/Transmutation            4
   e - Blade Hands                    Transmutation                5
Comestibles
 c - a bread ration
 h - 6 fruits
 p - 2 meat rations
 r - a chunk of flesh


   Skills:
 + Level 1.3(1.1) Fighting
 + Level 2.4(2.2) Dodging
 + Level 1.3(1.1) Stealth
 + Level 5.2(5.0) Unarmed Combat
 + Level 2.7(2.5) Spellcasting
 + Level 2.8(2.5) Transmutations


You had 6 spell levels left.
You knew the following spells:

 Your Spells              Type           Power        Failure   Level  Hunger
a - Beastly Appendage     Tmut           #.....       8%          1    #......
b - Sticks to Snakes      Tmut           #.......     12%         2    ###....


Dungeon Overview and Level Annotations

Branches:
Dungeon (4/15)
 Temple: D:4-7

Altars:
Dithmenos
Qazlal


Innate Abilities, Weirdness & Mutations

Your plain brown scales are hard. (AC +5)
You cannot fit into any form of body armour.
You are cold-blooded and may be slowed by cold attacks.


Message History

You are more poisoned.
* * * LOW HITPOINT WARNING * * *
You feel very sick.
The leopard gecko bites you but does no damage.
The orc wizard hits you with a dagger of venom.
* * * LOW HITPOINT WARNING * * *
You hit the orc wizard.
The orc wizard is lightly wounded.
* * * LOW HITPOINT WARNING * * *
You feel sick. The leopard gecko barely misses you.
The orc wizard hits you but does no damage.
You are more poisoned.
* * * LOW HITPOINT WARNING * * *
You feel very sick. The leopard gecko barely misses you.
* * * LOW HITPOINT WARNING * * *
You feel very sick. The leopard gecko barely misses you.
There is a stone staircase leading up here.
You die...

...... o.....
......#######.#
...............
.....#...####.#
... #o..# #..##
# ##...#......
#olo...#
#.@..### #.>)(#
#..#### #.##
#.. #.# #. ..
..#


You could see 2 orc wizards, an orc and a leopard gecko.

Vanquished Creatures
  Crazy Yiuf (D:3)
  An orc wizard (D:3)
  9 adders
  4 gnolls (D:3)
  A worm (D:3)
  4 dart slugs
  2 leopard geckos
  4 orcs
  9 bats
  2 giant cockroaches
  9 goblins
  3 hobgoblins
  2 jackals (D:1)
  2 quokkas
  2 ball pythons
  3 frilled lizards
  A jackal skeleton (D:4)
  6 kobolds
  5 rats
70 creatures vanquished.

Notes
Turn   | Place    | Note
-------+----------+-------------------------------------------
     0 | D:1      | terra52 the Draconian Transmuter began the quest for the Orb.
     0 | D:1      | Reached XP level 1. HP: 16/16 MP: 3/3
   209 | D:1      | Reached XP level 2. HP: 23/23 MP: 5/5
   908 | D:2      | Found a shadowy altar of Dithmenos.
   923 | D:2      | Reached XP level 3. HP: 27/28 MP: 6/6
   962 | D:2      | Reached skill level 4 in Unarmed Combat
  1366 | D:2      | Reached XP level 4. HP: 35/35 MP: 7/7
  2288 | D:3      | Found a stormy altar of Qazlal.
  2302 | D:3      | Reached skill level 5 in Unarmed Combat
  2317 | D:3      | Reached XP level 5. HP: 31/40 MP: 8/8
  2460 | D:3      | Reached skill level 1 in Stealth
  3089 | D:2      | Learned a level 2 spell: Sticks to Snakes
  3351 | D:3      | Found a runed door.
  3563 | D:3      | Noticed Crazy Yiuf
  3595 | D:3      | Killed Crazy Yiuf
  3930 | D:4      | HP: 1/40 [poisoned by an orc wizard]
  3931 | D:4      | Succumbed to an orc wizard's poison

Vault maps used:
D:1:      mrwooster_arrival_statue_3
D:2:      old_standard_altar
D:3:      lemuel_doored_altar, solitary_fountain, uniq_crazy_yiuf_cottage
D:4:      overflow_temple_1_default, tso_oasis_becter,
          okawaru_metal_pillars_1_2, old_standard_altar, zin_treasury,
          first_bread, uniq_edmund

Skill      XL: |  1  2  3  4  5 |
---------------+----------------+-----
Unarmed Combat | 4 5 |  5.2
Dodging        | 2 |  2.4
Stealth        | 1 |  1.3
Fighting       | |  1.3
Spellcasting   | |  2.7
Transmutations | |  2.8

Action                   |  1- 3 |  4- 6 || total
-------------------------+-------+-------++-------
Melee: Unarmed           |    72 |   156 ||   228
       Tailslap          |     9 |    14 ||    23
       Punch             |     3 |       ||     3
       Kick              |       |     6 ||     6
       Headbutt          |       |     4 ||     4
 Cast: Beastly Appendage |     2 |    10 ||    12
       Sticks to Snakes  |       |     6 ||     6
  Use: Scroll            |       |     2 ||     2
 Stab: Sleeping          |     2 |     1 ||     3
  Eat: Chunk             |     1 |     9 ||    10
Armor: Skin              |    18 |    50 ||    68
Dodge: Dodged            |    48 |   107 ||   155
